 Dungeon Crawl Stone Soup version 0.21.1-1-g345015fe64 (webtiles) character file.

143791 NullDivider the Unseen (level 16, -12/93 HPs)
             Began as a Spriggan Artificer on Apr 23, 2018.
             Was an Initiate of Gozag.
             Killed by the raging water
             ... invoked by a water nymph
              (40 damage)
             ... on level 3 of the Shoals on Apr 24, 2018.
             The game lasted 06:47:26 (60018 turns).

NullDivider the Unseen (Spriggan Artificer)        Turns: 60018, Time: 06:47:26

Health: -12/93     AC: 10    Str:  8    XL:     16   Next: 83%
Magic:  23/30      EV: 37    Int: 14    God:    Gozag
Gold:   2186       SH: 12    Dex: 27    Spells: 11/33 levels left

rFire    . . .     SeeInvis +   e - +7 dagger (venom)
rCold    . . .     Gourm    .   k - +3 warlock's mirror {reflect}
rNeg     . . .     Faith    .   j - +2 robe {MR+}
rPois    .         Spirit   .   t - +3 crown of Dyrovepreva {rElec Int+2 SInv}
rElec    +         Reflect  +   h - +2 cloak
rCorr    .         Harm     .   (gloves unavailable)
MR       +++..                  (boots unavailable)
Stlth    ++++++++..             T - amulet of regeneration
HPRegen  0.65/turn              l - +3 ring of dexterity
MPRegen  0.22/turn              v - ring of flight

@: flying, very quick
A: very small, unfitting armour, see invisible, herbivore, speed 3, slow
metabolism 2
a: Potion Petition, Call Merchant, Bribe Branch, Renounce Religion, Stop Flying


You were on level 3 of the Shoals.
You worshipped Gozag.
Gozag was most pleased with you.
You were near starving.

You visited 5 branches of the dungeon, and saw 28 of its levels.
You visited 1 bazaar.
You also visited: Ossuary.

You collected 10263 gold pieces.
You spent 7523 gold pieces at shops.
You paid 554 gold pieces to Gozag.

Inventory:

Hand Weapons
 e - a +7 dagger of venom (weapon)
 M - a +0 hunting sling of flaming
 O - the +5 falchion "Ibagaam" {freeze, Int+3}
   (You found it on level 9 of the Dungeon)

   It has been specially enchanted to freeze those struck by it, causing extra
   injury to most foes and up to half again as much damage against particularly
   susceptible opponents.
   It can also slow down cold-blooded creatures.
   It affects your intelligence (+3).
 S - the +6 shortbow of Emmuog {flame, +Blink rElec rF++ MR-}
   (You bought it in a shop on level 3 of the Shoals)

   It causes projectiles fired from it to burn those they strike, causing extra
   injury to most foes and up to half again as much damage against particularly
   susceptible opponents.
   It greatly protects you from fire.
   It insulates you from electricity.
   It affects your resistance to hostile enchantments.
   It lets you blink.
Missiles
 u - 594 stones (quivered)
 y - 24 sling bullets
Armour
 h - a +2 cloak (worn)
 j - a +2 robe of magic resistance (worn)
 k - the +3 warlock's mirror (worn) {reflect}
   (You bought it in a shop on level 11 of the Dungeon)
 t - the +3 crown of Dyrovepreva (worn) {rElec Int+2 SInv}
   (You bought it in a shop on level 2 of the Orcish Mines)

   It affects your intelligence (+2).
   It insulates you from electricity.
   It lets you see invisible.
 E - the +2 robe of Koqilop {rPois Int+4}
   (You found it on level 6 of the Dungeon)

   It affects your intelligence (+4).
   It protects you from poison.
Jewellery
 a - an uncursed ring of fire
 d - an uncursed ring of protection from fire
 l - a +3 ring of dexterity (left hand)
 q - an uncursed ring of protection from cold
 r - an uncursed ring of wizardry
 v - a ring of flight (right hand)
 w - an uncursed ring of poison resistance
 A - a cursed amulet of inaccuracy {unknown}
 F - a +3 ring of protection
 P - an uncursed ring of resist corrosion
 T - an amulet of regeneration (around neck)
Wands
 g - a wand of polymorph (19)
 x - a wand of paralysis (49)
 H - a wand of disintegration (18)
 Q - a wand of enslavement (18)
 R - a wand of acid (30)
 W - a wand of flame (33)
 X - a wand of random effects (20)
 Y - a wand of scattershot (5)
 Z - a wand of digging (22)
Scrolls
 b - 19 scrolls of remove curse
 c - 3 scrolls of magic mapping
 o - 11 scrolls of teleportation
 C - 4 scrolls of blinking
 G - 6 scrolls of fear
 I - 3 scrolls of torment
 U - 2 scrolls of acquirement
Potions
 i - a potion of invisibility
 m - 10 potions of curing
 n - 8 potions of heal wounds
 p - 4 potions of flight
 s - 3 potions of lignification
 z - 4 potions of agility
 B - 2 potions of might
 D - a potion of resistance {unknown}
 J - 7 potions of haste
 L - 3 potions of cancellation
 N - a potion of experience {unknown}
 V - a potion of brilliance
Miscellaneous
 K - a phial of floods
Comestibles
 f - 12 rations


   Skills:
 + Level 14.3 Fighting
 - Level 11.2 Short Blades
 - Level 4.0 Slings
 + Level 17.2 Dodging
 + Level 18.4 Stealth
 * Level 5.3 Shields
 - Level 9.1 Spellcasting
 - Level 9.2 Hexes
 - Level 11.5 Evocations


You had 11 spell levels left.
You knew the following spells:

 Your Spells              Type           Power        Failure   Level  Hunger
a - Slow                  Hex            ####....     1%          2    None
b - Inner Flame           Hex/Fire       ###.....     5%          3    ##.....
c - Ensorcelled Hibernat  Hex/Ice        ###...       2%          2    None
d - Tukima's Dance        Hex            ####....     1%          3    ##.....
e - Darkness              Hex            ####......   38%         6    #######
f - Invisibility          Hex            ####....     38%         6    #######


Dungeon Overview and Level Annotations

Branches:
Dungeon (15/15)            Temple (1/1) D:7            Lair (6/6) D:11
 Shoals (4/4) Lair:3        Snake (0/4) Lair:4        Slime (0/5) Lair:5
    Orc (2/2) D:11            Elf (0/3) Orc:2        Vaults (0/5) D:14
 Depths (0/5) D:15

Altars:
Ashenzari
Cheibriados
Dithmenos
Elyvilon
Fedhas
Gozag
Hepliaklqana
Kikubaaqudgha
Makhleb
Nemelex Xobeh
Okawaru
Qazlal
Ru
Sif Muna
Trog
Uskayaw
Vehumet
Wu Jian
Xom
Yredelemnul
Zin
The Shining One
Beogh

Shops:
D:4 *   D:9 (   D:11 [[   Orc:2 :([[   Shoals:3 }(=[

Annotations:
D:13 Thargor's ghost, journeyman MiFi
D:14 Rupert
Lair:4 exclusion: 3 oklob plants


Innate Abilities, Weirdness & Mutations

You are very small and have problems with some larger weapons.
You are too small for most types of armour.
You have supernaturally acute eyesight. (SInv)
You are a herbivore.
You cover ground extremely quickly.
You need consume almost no food.


Message History

The merfolk impaler is moderately wounded.
The merfolk impaler completely misses you.
The water nymph touches you. The water nymph drowns you!
You miss the merfolk impaler.
The merfolk impaler is moderately wounded.
The merfolk impaler hits you!!
The merfolk hits your trident of protection but does no damage.
The merfolk impaler barely misses you.
Your trident of protection closely misses the merfolk impaler.
The water nymph touches you. The water nymph drowns you!
The water nymph flows with the water.
The water nymph flows with the water.
The water nymph casts a spell at you. The water rises up and strikes you!
* * * LOW HITPOINT WARNING * * *
You feel better.
The water nymph gestures at you while chanting.
The water rises up and strikes you!
You die...
Your body crumbles into a pile of gold.

.......≈≈..........###.≈≈≈≈≈≈≈≈≈≈
.......≈≈.....≈≈≈..##..≈≈≈≈≈≈≈≈≈≈
......≈≈≈≈≈.......####..≈≈≈≈≈≈≈≈≈
.....≈≈≈≈≈≈.....### ##.≈≈≈≈≈≈≈≈≈
....≈≈≈≈≈≈≈.≈≈..# #..≈≈≈≈≈≈≈≈
.....≈≈≈≈≈≈≈≈≈.#### #.....≈≈≈≈≈
≈≈...≈...≈≈≈.≈....# ##...#...≈≈≈
.........≈≈.....≈.####..####).m.m
......##≈≈.....<@...m....###..###
..≈≈..#.......≈≈..≈.m.≈≈m≈....# #
..............≈≈≈.≈≈≈≈≈≈...≈..###
..............≈≈≈≈≈≈≈≈≈≈≈≈≈≈≈[.#.
...............≈≈≈≈≈≈≈≈≈≈≈≈≈≈.###
##.............≈≈≈≈≈≈≈≈≈≈≈≈≈≈...#
##.............≈≈≈≈≈≈≈≈≈≈≈≈≈≈)≈..
...≈≈....≈....≈≈≈≈≈≈≈≈≈≈≈≈≈≈≈≈≈≈≈
..≈≈≈.......≈≈≈≈≈≈≈≈≈≈≈≈≈≈≈≈≈≈≈≈≈


You could see a merfolk impaler and a water nymph.

Vanquished Creatures
  Kirke (Shoals:3)
  An orc warlord (D:11)
  2 entropy weavers (D:12)
  A merfolk javelineer (Shoals:4)
  Josephine (Lair:4)
  5 merfolk impalers
  12 hydras
  2 ice dragons
  A catoblepas (Lair:4)
  A merfolk avatar (Shoals:2)
  An alligator snapping turtle (Shoals:2)
  2 ogre magi (Orc:2)
  2 satyrs
  3 merfolk aquamancers
  2 centaur warriors
  2 tengu warriors
  15 two-headed ogres
  11 death yaks
  A queen ant (D:12)
  10 sea snakes
  2 deep trolls (Orc:2)
  2 unseen horrors
  An obsidian statue (Shoals:1)
  7 harpies
  A wizard (D:15)
  A lindwurm (Lair:6)
  2 wolf spiders
  Pikel (D:7)
  2 deep elf magi
  An oklob plant (Shoals:3)
  7 manticores
  7 fauns
  6 ugly things
  3 cyclopes
  6 elephants
  5 water nymphs
  14 black mambas
  2 merfolk sirens
  A guardian serpent (Lair:6)
  11 spiny frogs
  A gargoyle (D:14)
  A centaur skeleton (D:14)
  6 torpor snails
  3 rime drakes
  10 komodo dragons
  13 trolls
  A harpy zombie (D:15)
  2 polar bears
  2 wind drakes
  A jumping spider (shapeshifter) (D:14)
  19 merfolk
  Grinder (D:4)
  15 blink frogs
  10 hornets
  8 slime creatures
  5 snapping turtles
  4 tyrant leeches (Lair:6)
  A dream sheep (Shoals:3)
  A meliai zombie (D:14)
  10 water elementals
  10 hippogriffs
  2 redbacks (Lair:6)
  2 vampires
  A spriggan (D:8)
  3 shadows
  9 wraiths
  A hog (Shoals:3)
  2 hungry ghosts
  Eustachio (D:6)
  11 wyverns
  42 yaks
  4 basilisks
  11 vampire mosquitoes
  4 nagas (Lair:4)
  3 insubstantial wisps
  5 wargs
  19 water moccasins
  2 hell hounds (D:11)
  16 soldier ants
  Duvessa (D:6)
  6 porcupines
  3 ice beasts
  3 sky beasts
  A black bear (D:12)
  28 orc warriors
  A phantom (D:7)
  15 wolves
  25 ogres
  7 necrophages
  6 centaurs
  13 crocodiles
  Blork the orc (D:6)
  14 bullfrogs
  3 big kobolds
  A gnoll sergeant (D:10)
  A wyvern skeleton (D:14)
  3 scorpions
  5 killer bees (D:12)
  7 wights
  3 electric eels (Lair:1)
  3 howler monkeys
  6 centaur zombies
  7 crimson imps
  8 jellies
  6 hounds
  A gnoll shaman (D:4)
  22 orc priests
  24 orc wizards
  2 bullfrog skeletons
  10 iguanas
  26 worker ants
  2 big kobold zombies (Ossuary)
  3 hound skeletons
  4 mummies (Ossuary)
  2 worker ant zombies
  A howler monkey skeleton (D:5)
  13 gnolls
  15 adders
  2 shadow imps
  3 oozes (Lair:5)
  2 adder skeletons
  5 worms
  2 dart slugs
  6 leopard geckos
  77 orcs
  A giant cockroach (D:3)
  2 goblins
  5 hobgoblins
  6 jackals
  13 quokkas
  8 bats
  6 frilled lizards
  A hobgoblin zombie (Ossuary)
  19 kobolds
  A leopard gecko skeleton (D:9)
  7 rats
  2 plants
890 creatures vanquished.

Vanquished Creatures (collateral kills)
  Nikola (Shoals:3)
  A two-headed ogre (Orc:2)
  2 merfolk aquamancers
  A sea snake (Shoals:3)
  3 merfolk
  A slime creature (D:12)
  3 water elementals
  An ogre (Orc:2)
  Dowan (D:6)
  A howler monkey (D:3)
  2 orc priests (D:12)
  An orc wizard (D:7)
  A gnoll (D:4)
  An adder (D:2)
  6 orcs
26 creatures vanquished.

Vanquished Creatures (others)
  8 dancing weapons
  A manticore (Shoals:1)
  An ugly thing (D:15)
  A faun (Shoals:2)
  An orc warrior (D:12)
  A polar bear (D:12)
  The ghost of Delanovic the Insei, an amateur MfTm (D:5)
  A wraith (Lair:4)
  A human (Shoals:3)
  A hog (Shoals:3)
  A centaur (Shoals:2)
  A wight (D:6)
  An orc wizard (D:7)
  4 orcs (D:7)
  A quokka (D:7)
  A jackal skeleton (D:5)
  2 bushes (Lair:6)
  46 fungi
  61 plants
135 creatures vanquished.

Grand Total: 1051 creatures vanquished

Notes
Turn   | Place    | Note
-------+----------+-------------------------------------------
     0 | D:1      | NullDivider the Spriggan Artificer began the quest for the Orb.
     0 | D:1      | Reached XP level 1. HP: 9/9 MP: 4/4
   168 | D:1      | Reached skill level 1 in Fighting
   378 | D:1      | Reached skill level 2 in Stealth
   378 | D:1      | Reached XP level 2. HP: 14/14 MP: 6/6
   642 | D:1      | Reached XP level 3. HP: 16/18 MP: 7/7
  1334 | D:2      | Found a glowing silver altar of Zin.
  2039 | D:2      | Found a blossoming altar of Fedhas.
  2043 | D:2      | Reached XP level 4. HP: 22/23 MP: 8/8
  2306 | D:3      | Noticed a centaur
  2311 | D:3      | Reached skill level 3 in Stealth
  2702 | D:3      | Reached XP level 5. HP: 27/27 MP: 9/9
  3184 | D:3      | Found a basalt altar of Yredelemnul.
  3784 | D:4      | Found Tujia's Tempting Trifles.
  3819 | D:4      | Noticed Grinder
  3830 | D:4      | Reached skill level 5 in Evocations
  4129 | D:4      | Reached skill level 4 in Stealth
  4129 | D:4      | Reached XP level 6. HP: 23/32 MP: 10/10
  4191 | D:4      | Paralysed by Grinder for 3 turns
  4206 | D:4      | Paralysed by Grinder for 4 turns
  4213 | D:4      | Killed Grinder
  4213 | D:4      | Reached skill level 5 in Dodging
  4334 | D:4      | Reached XP level 7. HP: 36/36 MP: 12/12
  4681 | D:4      | Found a shadowy altar of Dithmenos.
  4791 | D:4      | Reached skill level 5 in Stealth
  4898 | D:4      | Found a hazy altar of Hepliaklqana.
  5142 | D:5      | Entered Level 5 of the Dungeon
  5171 | D:5      | Killed Delanovic's ghost
  5256 | D:5      | Noticed a hungry ghost
  5325 | D:5      | Killed a hungry ghost
  6649 | D:5      | Reached XP level 8. HP: 16/42 MP: 13/13
  6816 | D:5      | Reached skill level 6 in Stealth
  7863 | D:6      | Noticed Duvessa
  7863 | D:6      | Noticed Dowan
  7891 | D:6      | Killed Dowan
  8112 | D:6      | Noticed Blork the orc
  8185 | D:6      | Killed Blork the orc
  8301 | D:6      | Killed Duvessa
  8301 | D:6      | Reached skill level 5 in Fighting
  8371 | D:6      | Noticed Eustachio
  8446 | D:7      | Found a white marble altar of Elyvilon.
  8536 | D:7      | Reached skill level 7 in Stealth
  8673 | D:7      | Found a deep blue altar of Sif Muna.
  8858 | D:6      | Killed Eustachio
  8858 | D:6      | Reached skill level 5 in Short Blades
  9511 | D:6      | Got a transparent robe
  9522 | D:6      | Identified the +2 robe of Koqilop {rPois Int+4} (You found it on level 6 of the Dungeon)
  9697 | D:6      | Found a burning altar of Makhleb.
  9751 | D:6      | Reached XP level 9. HP: 33/48 MP: 15/15
 10040 | D:7      | Reached skill level 8 in Stealth
 10304 | D:7      | Noticed Pikel
 10307 | D:7      | Killed Pikel
 10619 | D:7      | Found a staircase to the Ecumenical Temple.
 10658 | Temple   | Entered the Ecumenical Temple
 10740 | Temple   | Became a worshipper of Gozag Ym Sagoz the Greedy
 11467 | D:7      | Reached skill level 9 in Stealth
 11787 | D:8      | Noticed a two-headed ogre
 11875 | D:8      | Killed a two-headed ogre
 11875 | D:8      | Reached XP level 10. HP: 35/55 MP: 17/17
 12035 | D:8      | Found a sand-covered staircase.
 12044 | Ossuary  | Entered an ossuary
 12536 | D:8      | Found a basalt altar of Yredelemnul.
 12730 | D:8      | Noticed a two-headed ogre
 12742 | D:8      | Killed a two-headed ogre
 12843 | D:8      | Noticed a two-headed ogre
 12939 | D:8      | Killed a two-headed ogre
 12939 | D:8      | Reached skill level 10 in Stealth
 13402 | D:9      | Reached skill level 10 in Dodging
 13981 | D:9      | Got a crystal falchion
 14173 | D:9      | Identified the +5 falchion "Ibagaam" {freeze, Int+3} (You found it on level 9 of the Dungeon)
 14237 | D:9      | Found Vozeivuck's Antique Weapon Shoppe.
 14642 | D:10     | Entered Level 10 of the Dungeon
 14716 | D:10     | Noticed an unseen horror
 14720 | D:10     | Killed an unseen horror
 14720 | D:10     | Reached XP level 11. HP: 60/60 MP: 19/19
 14840 | D:10     | Noticed a two-headed ogre
 14990 | D:10     | Killed a two-headed ogre
 14990 | D:10     | Reached skill level 11 in Stealth
 14990 | D:10     | Reached skill level 10 in Evocations
 15523 | D:10     | Reached skill level 1 in Spellcasting
 16680 | D:11     | Noticed an eight-headed hydra
 16703 | D:11     | Killed an eight-headed hydra
 16789 | D:11     | Noticed a seven-headed hydra
 16810 | D:11     | Killed a seven-headed hydra
 17230 | D:11     | Found Dawnukk's Armour Shop.
 17232 | D:11     | Found a staircase to the Orcish Mines.
 17348 | D:11     | Found a staircase to the Lair.
 17601 | D:11     | Noticed a brown ugly thing
 17605 | D:11     | Killed a brown ugly thing
 17605 | D:11     | Reached skill level 12 in Stealth
 18343 | D:12     | Noticed a brown ugly thing
 18369 | D:12     | Noticed a white ugly thing
 18439 | D:12     | Killed a brown ugly thing
 18701 | D:12     | Killed a white ugly thing
 18960 | D:12     | Reached XP level 12. HP: 67/67 MP: 20/20
 20985 | D:12     | Reached skill level 10 in Fighting
 21076 | D:12     | Noticed a queen ant
 21077 | D:12     | Noticed an entropy weaver
 21133 | D:12     | Killed a queen ant
 21133 | D:12     | Reached skill level 5 in Spellcasting
 21213 | D:12     | Killed an entropy weaver
 21511 | D:12     | Noticed an entropy weaver
 21688 | D:12     | Killed an entropy weaver
 21688 | D:12     | Reached skill level 13 in Stealth
 22175 | D:12     | Noticed a five-headed hydra
 22327 | D:12     | Killed a five-headed hydra
 22940 | D:12     | Noticed a four-headed hydra
 22947 | D:12     | Killed a four-headed hydra
 23046 | D:12     | Noticed a two-headed ogre
 23340 | D:12     | Killed a two-headed ogre
 23596 | D:12     | Noticed an ice dragon
 23651 | D:12     | Reached skill level 10 in Short Blades
 23669 | D:12     | HP: 2/69 [ice dragon/blast of cold (27)]
 23680 | D:12     | Killed an ice dragon
 23680 | D:12     | Reached XP level 13. HP: 30/73 MP: 24/24
 24295 | D:13     | Noticed Thargor's ghost (journeyman MiFi)
 24622 | D:13     | Learned a level 2 spell: Slow
 26432 | D:13     | Reached skill level 1 in Hexes
 26972 | D:14     | Reached skill level 14 in Stealth
 27025 | D:14     | Found a gate to the Vaults.
 27065 | D:14     | Noticed Rupert
 27093 | D:14     | Paralysed by Rupert for 3 turns
 27229 | D:14     | Paralysed by Rupert for 5 turns
 28143 | D:14     | Reached skill level 1 in Slings
 29415 | D:15     | Entered Level 15 of the Dungeon
 29850 | D:15     | Found a staircase to the Depths.
 29850 | D:15     | Noticed a dire elephant
 30377 | Lair:1   | Entered Level 1 of the Lair of Beasts
 32229 | Lair:1   | Reached XP level 14. HP: 79/79 MP: 25/25
 33254 | Lair:2   | Reached skill level 15 in Stealth
 33254 | Lair:2   | Reached skill level 5 in Hexes
 33272 | Lair:2   | Found a basalt altar of Yredelemnul.
 34906 | Lair:3   | Found a staircase to the Shoals.
 36667 | Lair:4   | Found a white marble altar of Elyvilon.
 36670 | Lair:4   | Found a staircase to the Snake Pit.
 37335 | Lair:4   | Noticed Josephine
 37345 | Lair:4   | Killed Josephine
 38697 | Lair:5   | Found a staircase to the Slime Pits.
 40112 | Lair:6   | Entered Level 6 of the Lair of Beasts
 40595 | Lair:6   | Reached skill level 15 in Dodging
 40595 | Lair:6   | Reached skill level 16 in Stealth
 40886 | Lair:6   | HP: 4/81 [black mamba (11)]
 41554 | Lair:6   | Reached XP level 15. HP: 85/85 MP: 27/27
 42208 | Lair:6   | Found a runed door.
 46867 | Lair:2   | Learned a level 3 spell: Inner Flame
 46950 | Orc:1    | Entered Level 1 of the Orcish Mines
 47165 | Orc:1    | Noticed an orc warlord
 47568 | D:11     | Noticed a quicksilver dragon
 47568 | D:11     | an orc warlord changed into a quicksilver dragon
 48104 | Orc:1    | Noticed an orc warlord
 48711 | D:11     | Killed an orc warlord
 48845 | Orc:1    | Found a roughly hewn altar of Beogh.
 49189 | Orc:2    | Entered Level 2 of the Orcish Mines
 49639 | Orc:2    | Found a staircase to the Elven Halls.
 49822 | Orc:2    | Reached skill level 17 in Stealth
 51291 | Orc:2    | Found Tetyaray's Book Emporium.
 51294 | Orc:2    | Found Gupixouq's Antique Armour Shoppe.
 51306 | Orc:2    | Found Xyguol's Antique Armour Shop.
 51394 | Orc:2    | Bought a book of Dreams for 975 gold pieces
 51394 | Orc:2    | Bought a book of Party Tricks for 650 gold pieces
 51397 | Orc:2    | Learned a level 2 spell: Ensorcelled Hibernation
 51401 | Orc:2    | Learned a level 3 spell: Tukima's Dance
 51408 | Orc:2    | Learned a level 6 spell: Darkness
 51415 | Orc:2    | Learned a level 6 spell: Invisibility
 51419 | Orc:2    | Found Ycitaf's Weapon Shoppe.
 51578 | Orc:2    | Bought a runed robe for 129 gold pieces
 51578 | Orc:2    | Bought the +3 crown of Dyrovepreva {rElec Int+2 SInv} for 1449 gold pieces
 51578 | Orc:2    | Found the +3 crown of Dyrovepreva {rElec Int+2 SInv}
 51578 | Orc:2    | Bought a heavily runed buckler for 332 gold pieces
 51584 | Orc:2    | Identified the +0 buckler of Too Many Cooks {Str+3 SInv} (You bought it in a shop on level 2 of the Orcish Mines)
 51751 | Orc:2    | Found a roughly hewn altar of Beogh.
 52081 | D:11     | Bought the +3 warlock's mirror {reflect} for 800 gold pieces
 52081 | D:11     | Found the +3 warlock's mirror {reflect}
 52266 | Shoals:1 | Entered Level 1 of the Shoals
 52513 | Shoals:1 | Reached XP level 16. HP: 92/92 MP: 30/30
 52891 | Shoals:1 | Reached skill level 1 in Shields
 53962 | Shoals:1 | Found a gateway to a bazaar.
 54020 | Bazaar   | Entered a bazaar
 54020 | Bazaar   | Found Vozeivuck's Antique Armour Shoppe.
 54020 | Bazaar   | Found Quus's Distillery.
 54100 | Bazaar   | Found Veeddix's Assorted Antiques.
 54114 | Bazaar   | Found Meutuxko's Antique Armour Shoppe.
 54133 | Bazaar   | Bought a potion of lignification for 24 gold pieces
 54133 | Bazaar   | Bought a potion of curing for 24 gold pieces
 54133 | Bazaar   | Bought a potion of agility for 32 gold pieces
 54133 | Bazaar   | Bought a potion of flight for 24 gold pieces
 54137 | Bazaar   | Bought a scroll labeled XOTENO ZUXTI for 23 gold pieces
 54137 | Bazaar   | Bought 2 potions of curing for 138 gold pieces
 54137 | Bazaar   | Bought a scroll of remove curse for 69 gold pieces
 54137 | Bazaar   | Bought a moonstone ring for 115 gold pieces
 54137 | Bazaar   | Bought a scroll of remove curse for 69 gold pieces
 57676 | Shoals:3 | Found Lokhaf's Antique Weapon Shoppe.
 57681 | Shoals:3 | Found Fodo's Jewellery Emporium.
 57706 | Shoals:3 | Bought an uncursed ring of resist corrosion for 280 gold pieces
 57710 | Shoals:3 | Bought an ancient shortbow for 232 gold pieces
 57715 | Shoals:3 | Identified the +6 shortbow of Emmuog {flame, +Blink rElec rF++ MR-} (You bought it in a shop on level 3 of the Shoals)
 57731 | Shoals:3 | Noticed Kirke
 57773 | Shoals:3 | Killed Kirke
 58080 | Shoals:3 | Noticed Nikola
 58098 | Shoals:3 | Killed Nikola
 58098 | Shoals:3 | Reached skill level 18 in Stealth
 58111 | Shoals:3 | Found a deep blue altar of Sif Muna.
 58117 | Shoals:3 | Found Jyet's Armour Emporium.
 58511 | Shoals:3 | Found Vuappum's Gadget Shop.
 58514 | Shoals:3 | Bought a wand of paralysis (14) for 208 gold pieces
 58514 | Shoals:3 | Bought a wand of acid (7) for 286 gold pieces
 58514 | Shoals:3 | Bought a wand of scattershot (5) for 351 gold pieces
 58514 | Shoals:3 | Bought a wand of paralysis (9) for 143 gold pieces
 58514 | Shoals:3 | Bought a wand of enslavement (12) for 182 gold pieces
 58514 | Shoals:3 | Bought a wand of digging (22) for 676 gold pieces
 58514 | Shoals:3 | Bought a wand of acid (8) for 312 gold pieces
 58714 | Shoals:4 | Entered Level 4 of the Shoals
 59404 | Shoals:4 | Reached skill level 5 in Shields
 60018 | Shoals:3 | Killed from afar by a water nymph

Skill      XL: |  1  2  3  4  5  6  7  8  9 10 11 12 13 14 15 16 |
---------------+-------------------------------------------------+-----
Fighting       | 1 2 3 4 5 7 8 9 10 11 12 13 14 | 14.3
Stealth        | 2 3 4 5 7 9 10 12 13 14 16 17 18 | 18.4
Short Blades   | 2 3 4 5 6 7 8 10 11 | 11.2
Dodging        | 4 5 6 7 9 10 11 12 14 15 16 17 | 17.2
Evocations     | 5 6 7 8 9 10 11 | 11.5
Spellcasting   | 4 6 7 9 |  9.1
Hexes          | 4 7 9 |  9.2
Slings         | 3 4 |  4.0
Shields        | 5 |  5.3

Action                   |  1- 3 |  4- 6 |  7- 9 | 10-12 | 13-15 | 16-18 || total
-------------------------+-------+-------+-------+-------+-------+-------++-------
Melee: Short sword       |   121 |    90 |   101 |       |       |       ||   312
       Dagger            |       |       |   340 |  1369 |  3184 |   539 ||  5432
       Falchion          |       |       |       |    57 |    15 |       ||    72
 Fire: Hunting sling     |       |       |       |       |   265 |     8 ||   273
 Cast: Slow              |       |       |       |       |    35 |     6 ||    41
       Inner Flame       |       |       |       |       |     8 |       ||     8
       Ensorcelled Hiber |       |       |       |       |     5 |   108 ||   113
       Tukima's Dance    |       |       |       |       |       |    38 ||    38
Invok: Call Merchant     |       |       |       |       |     1 |       ||     1
 Abil: Evoke Flight      |       |       |       |       |     1 |    21 ||    22
       Stop Flying       |       |       |       |       |       |     1 ||     1
Evoke: Wand              |     6 |    29 |    23 |    27 |    80 |    17 ||   182
  Use: Scroll            |       |     5 |    10 |     7 |    24 |     6 ||    52
       Potion            |       |       |       |     3 |     2 |     5 ||    10
 Stab: Sleeping          |     9 |     5 |    19 |    27 |    75 |    45 ||   180
       Betrayed ally     |       |     1 |       |       |       |       ||     1
       Distracted        |       |       |     3 |    21 |    31 |    10 ||    65
       Paralysed         |       |       |     1 |     3 |     5 |       ||     9
       Held in net/web   |       |       |       |     1 |       |       ||     1
       Confused          |       |       |       |     1 |       |     1 ||     2
       Invisible         |       |       |       |     2 |       |       ||     2
       Petrified         |       |       |       |       |     1 |       ||     1
  Eat: Ration            |       |       |     4 |     8 |    17 |     6 ||    35
Armor: Robe              |    18 |     3 |     8 |    50 |    87 |    38 ||   204
Dodge: Dodged            |    94 |    50 |   267 |   846 |  1966 |   508 ||  3731
Block: Buckler           |       |       |       |       |     3 |   320 ||   323
       Reflection        |       |       |       |       |       |    41 ||    41
       Rpst.: Falchion   |       |       |       |    21 |     3 |       ||    24
